Map: Gresvan LE

Players

陈雯雯

  • Race: Protoss Protoss
  • Spawn Location: 5:00

winzboy - Winner!

  • Race: Protoss Protoss
  • League: Gold
  • Spawn Location: 11:00

VOD

Have the link to the VOD?

Description

Time

  • Played on: May 27, 2023, 3:28 a.m.
  • Length: 2:35
Show
View Real Time Build Order
Export as new Build Order

陈雯雯 Protoss 

Build Orders:  

Get SALT Encoding   

  12  0:00  Probe (Chrono Boost)  
  13  0:10  Probe (Chrono Boost)  
  14  0:18  Pylon  
  14  0:22  Probe  
  15  0:36  Probe  
  15  0:39  Gateway  
  16  0:48  Probe  
  17  0:59  Assimilator  
  17  1:00  Probe (Chrono Boost)  
  18  1:12  Probe (Chrono Boost)  
  19  1:19  Probe (Chrono Boost)  
  20  1:26  Probe  
  20  1:32  Assimilator  
  21  1:43  Cybernetics Core  
  21  1:50  Pylon  
  21  1:51  Probe  
  22  2:03  Probe  
  23  2:12  Pylon  
  23  2:15  Probe (Chrono Boost)  
  23  2:17  Forge  
  24  2:28  Probe (Chrono Boost)  
Show
View Real Time Build Order
Export as new Build Order

winzboy Protoss - Winner!

Build Orders:  

Get SALT Encoding   

  12  0:01  Probe  
  13  0:15  Pylon  
  13  0:25  Probe  
  14  0:35  Gateway  
  14  0:38  Probe (Chrono Boost)  
  15  0:48  Probe (Chrono Boost)  
  16  0:52  Probe (Chrono Boost), Assimilator  
  18  1:04  Probe (Chrono Boost)  
  18  1:13  Probe (Chrono Boost)  
  19  1:18  Probe (Chrono Boost)  
  20  1:28  Cybernetics Core  
  20  1:31  Gateway  
  20  1:34  Zealot  
  22  1:43  Probe  
  23  1:49  Assimilator  
  23  2:01  Pylon  
  23  2:19  Probe  
  24  2:29  Nexus  
Tags
 
League
Gold
Matchup
PvP
Replay Pack
Multiplayer
Spawn Locations
Cross Positions
Add a new tag
Caveats
  • Supply blocks, unpowered buildings, or Contaminate may cause inaccurate times.
  • Supply counts are checked every 10 seconds.